 Dungeon Crawl Stone Soup version 0.25-a0-341-g6f074c887a (webtiles) character file.

Game seed: 3205741954689110882, levelgen mode: deterministic

60 night the Firebug (level 4, -4/33 HPs)
             Began as a Barachi Fire Elementalist on Dec 30, 2019.
             Killed from afar by an orc wizard (8 damage)
             ... with a puff of frost
             ... on level 2 of the Dungeon.
             The game lasted 00:04:57 (1286 turns).

night the Firebug (Barachi Fire Elementalist)       Turns: 1286, Time: 00:04:57

Health: -4/33      AC:  2    Str:  9    XL:     4   Next: 4%
Magic:  0/8        EV: 12    Int: 17    God:
Gold:   97         SH:  0    Dex: 12    Spells: 7/8 levels left

rFire    + . .     SeeInvis .   d - +0 dagger
rCold    . . .     Gourm    .   (no shield)
rNeg     + . .     Faith    .   a - +0 robe
rPois    .         Spirit   .   (no helmet)
rElec    .         Reflect  .   (no cloak)
rCorr    .         Harm     .   (no gloves)
MR       .....                  (no boots)
Stlth    ++........             (no amulet)
HPRegen  0.11/turn              h - ring of positive energy
MPRegen  0.11/turn              e - ring of protection from fire

@: can't hop, slow
A: +LOS, swims, slowness 1, strong legs 1
a: Hop


You were on level 2 of the Dungeon.
You were not hungry.

You visited 1 branch of the dungeon, and saw 2 of its levels.

You collected 97 gold pieces.

Inventory:

Hand Weapons
 d - a +0 dagger (weapon)
Armour
 a - a +0 robe (worn)
Jewellery
 e - a ring of protection from fire (right hand)
 h - a ring of positive energy (left hand)
Scrolls
 f - a scroll of amnesia {unknown}
 g - a scroll of enchant armour {unknown}
 i - a scroll of magic mapping {unknown}
 k - a scroll of identify {unknown}
 l - a scroll of fear {unknown}
Potions
 j - a potion of magic {unknown}
Comestibles
 b - 4 chunks of flesh
 c - 3 rations


   Skills:
 + Level 1.9 Fighting
 - Level 2.1 Dodging
 - Level 1.7 Stealth
 + Level 2.9 Spellcasting
 + Level 2.1 Conjurations
 + Level 3.9 Fire Magic


You had 7 spell levels left.
You knew the following spells:

 Your Spells              Type           Power        Failure   Level  Hunger
a - Foxfire               Conj/Fire      ##..         4%          1    #......

Your spell library contained the following spells:

 Spells                   Type           Power        Failure   Level  Hunger
 Conjure Flame            Conj/Fire      ##......     16%         3    ###....
 Inner Flame              Hex/Fire       #.......     24%         3    ###....
 Sticky Flame             Conj/Fire      ##......     45%         4    #####..
 Fireball                 Conj/Fire      ##........   80%         5    ######.


Dungeon Overview and Level Annotations

Branches:
Dungeon (2/15)

Altars:


Innate Abilities, Weirdness & Mutations

You can be seen from farther away. (+LOS)
You can swim through water.
You cover ground slowly.
You can hop short distances.


Message History

Confirm with . or Enter, or press ? or * to list all spells.
You conjure some foxfire!
The orc barely misses you.
The orc wizard hits you with a +0 dagger.
* * * LOW HITPOINT WARNING * * *
The foxfire hits the orc but does no damage.
The orc is moderately wounded.
The foxfire hits the orc wizard.
The orc wizard is almost dead.
The orc wizard mumbles some strange words.
The orc wizard flickers and vanishes!
Deactivating autopickup; reactivate with Ctrl-A.
The orc closely misses you. Something hits you.
* * * LOW HITPOINT WARNING * * *
Hop to where?
Press: ? - help, Dir - move target cursor Boing!
You aren't carrying any items that you can evoke.
A puff of frost appears from out of thin air!
The puff of frost hits you!
You die...

#.)......#....#....
≈≈...###.#..##......#..
).§....≈####..o........
≈.≈≈≈≈≈≈ ###.........
≈≈≈≈.≈≈≈ ###...#.##.#
..≈≈..≈. ###..........#
..≈≈..#. #<)##.#..#####
..≈...## #..##.#.....
..###. #...#@#...... ##
# #####.#.....## ..+
...... ##.# ...... ...
.... #.# #.# #.# #.#


You could see an orc.

Vanquished Creatures
  4 dart slugs (D:1)
  2 leopard geckos (D:1)
  2 orcs (D:2)
  4 giant cockroaches (D:1)
  7 goblins
  5 hobgoblins
  2 jackals (D:1)
  5 kobolds (D:1)
  A quokka (D:2)
  6 bats (D:1)
  5 frilled lizards (D:1)
  2 rats
45 creatures vanquished.

Vanquished Creatures (others)
  104 foxfires
104 creatures vanquished.

Grand Total: 149 creatures vanquished

Notes
Turn   | Place    | Note
-------+----------+-------------------------------------------
     0 | D:1      | night the Barachi Fire Elementalist began the quest for the
                  | Orb.
     0 | D:1      | Reached XP level 1. HP: 13/13 MP: 3/3
    80 | D:1      | Reached XP level 2. HP: 20/20 MP: 1/5
   175 | D:1      | Reached skill level 1 in Fighting
   431 | D:1      | Reached XP level 3. HP: 26/26 MP: 1/6
  1249 | D:2      | Reached XP level 4. HP: 33/33 MP: 5/8
  1286 | D:2      | Killed from afar by an orc wizard

Levels and vault maps discovered:
D:1:      dpeg_arrival_rooms_a, layout_rooms, minmay_close_crescents
D:2:      layout_basic, roderic_serpentine_path, chequers_serial_rivers_marsh,
          chequers_serial_rivers_small_3, minmay_tromino_mix6

Skill      XL: |  1  2  3 |
---------------+----------+-----
Fighting       | 1 |  1.9
Conjurations   | 2 |  2.1
Dodging        | |  2.1
Stealth        | |  1.7
Spellcasting   | |  2.9
Fire Magic     | |  3.9

Action                   |  1- 3 |  4- 6 || total
-------------------------+-------+-------++-------
Melee: Unarmed           |     7 |       ||     7
       Dagger            |     4 |     5 ||     9
 Cast: Foxfire           |    52 |     9 ||    61
 Abil: Hop               |     1 |     1 ||     2
 Stab: Sleeping          |     1 |       ||     1
  Eat: Chunk             |     2 |       ||     2
Armor: Robe              |    20 |     1 ||    21
Dodge: Dodged            |    36 |    15 ||    51

Table legend:
 A = Non-vault XP
 B = Vault XP
 C = Vault XP percentage of total XP
 D = Non-vault monster count
 E = Vault monster count
 F = Vault count percentage of total count
                 A         B        C        D         E       F
            +---------+---------+-------+---------+---------+-------
      Total |      77 |       9 |  10.5 |      39 |       6 |  13.3
            +---------+---------+-------+---------+---------+-------
        D:1 |      65 |       9 |  12.2 |      33 |       6 |  15.4
        D:2 |      12 |       0 |   0.0 |       6 |       0 |   0.0
            +---------+---------+-------+---------+---------+-------
